 Dungeon Crawl Stone Soup version 0.28-a0-2-g643f2454ad (webtiles) character file.

Game seed: 16037893880952473746

103 siradein the Ruffian (level 4, -5/44 HPs)
             Began as a Troll Monk on July 23, 2021.
             Killed by divine providence
             ... invoked by an orc priest
              (15 damage)
             ... on level 2 of the Dungeon.
             The game lasted 00:01:58 (1079 turns).

siradein the Ruffian (Troll Monk)                   Turns: 1079, Time: 00:01:58

Health: -5/44      AC:  4    Str: 19    XL:     4   Next: 51%
Magic:  3/3        EV: 10    Int:  7    God:
Gold:   35         SH:  0    Dex: 12    Spells: 3/3 levels left

rFire   . . .      SeeInvis .     - Unarmed
rCold   . . .      Faith    .   (no shield)
rNeg    . . .      Spirit   .   a - +0 robe
rPois   .          Reflect  .   (helmet restricted)
rElec   .          Harm     .   (no cloak)
rCorr   .          Rampage  .   (gloves unavailable)
Will    .....                   (boots unavailable)
Stlth   ++........              (no amulet)
HPRegen 1.14/turn               (no ring)
MPRegen 0.08/turn               (no ring)

@: no status effects
A: large, unfitting armour, claws 3, regeneration 1, shaggy fur 1, tough skin 1
a: no special abilities


You were on level 2 of the Dungeon.
You visited 1 branch of the dungeon, and saw 3 of its levels.

You collected 35 gold pieces.

Inventory:

Armour
 a - a +0 robe (worn)
Scrolls
 c - a scroll of magic mapping {unknown}
 d - a scroll of teleportation {unknown}
 e - a scroll of acquirement {unknown}
 f - a scroll of amnesia {unknown}
 g - 3 scrolls of identify {unknown}
 i - a scroll of brand weapon {unknown}
Potions
 b - a potion of resistance {unknown}
 h - a potion of haste {unknown}


   Skills:
 - Level 2.4 Fighting
 - Level 2.4 Dodging
 - Level 1.0 Stealth
 + Level 5.3 Unarmed Combat


You had 3 spell levels left.
You didn't know any spells.
Your spell library was empty.

Dungeon Overview and Level Annotations

Branches:
Dungeon (3/15)

Altars:
Dithmenos


Innate Abilities, Weirdness & Mutations

You are too large for most types of armour.
You have claws for hands.
Your natural rate of healing is unusually fast.
You are covered in fur. (AC +1)
You have tough skin. (AC +1)


Message History

There are monsters nearby!
A goblin, an orc and an orc priest come into view.
The orc priest shouts!
The orc priest looks encouraged for a moment.
An orc priest comes into view. It is wielding a +0 flail.
The orc wizard shouts! x2; The orc shouts!
The orc priest shouts!
The goblin shouts!
Found a scroll labelled QACI NUTIFAY.
The orc priest mumbles some strange prayers to Beogh against you.
Beogh smites you!
You closely miss the orc wizard.
The orc wizard hits you but does no damage.
The goblin hits you with a +0 dagger.
You closely miss the orc priest. The orc wizard barely misses you.
The goblin closely misses you.
You scratch the orc priest but do no damage.
The orc priest mumbles some strange prayers to Beogh against you.
Beogh smites you! The orc wizard closely misses you.
The goblin hits you with a +0 dagger. The orc priest hits you with a +0 club.
The orc priest calls down the wrath of Beogh upon you.
Beogh smites you!
* * * LOW HITPOINT WARNING * * *
The orc priest begins to cast a cantrip, but forgets the words!
The orc priest looks satisfied for a moment.
There is a stone staircase leading down here.
The orc priest calls down the wrath of Beogh upon you.
Beogh smites you!
* * * LOW HITPOINT WARNING * * *
There is a stone staircase leading up here.
The orc priest hits you but does no damage.
You climb upwards.
There is a stone staircase leading down here.
You barely miss the orc priest. The orc priest hits you with a +0 club.
* * * LOW HITPOINT WARNING * * *
You scratch the orc priest.
The orc priest is moderately wounded.
The orc priest mumbles some strange prayers to Beogh against you.
Beogh smites you!
You die...

..........# #.....# #.#
..........###.....###.#
##....##....#.....##..#
####..##....#.....##.## #
#..(#...........<.#
#...#....#......###
####...............##
....................##
...............o@....#
.......#.............#
##.#.................#
##...................#
###......#...........#
.....................#
.#......<............#
...........#.........#####
.#.........#.............#####


You could see an orc priest.

Vanquished Creatures
  Robin (D:2)
  3 adders (D:2)
  A shadow imp (D:3)
  5 bats
  2 endoplasms (D:1)
  2 giant cockroaches
  5 hobgoblins
  6 jackals
  5 ball pythons
  3 frilled lizards
  11 goblins
  7 kobolds
  2 rats
53 creatures vanquished.

Vanquished Creatures (others)
  7 fungi (D:2)
  A plant (D:2)
8 creatures vanquished.

Grand Total: 61 creatures vanquished

Notes
Turn   | Place    | Note
-------+----------+-------------------------------------------
     0 | D:1      | siradein the Troll Monk began the quest for the Orb.
     0 | D:1      | Reached XP level 1. HP: 22/22 MP: 0/0
   117 | D:1      | Reached XP level 2. HP: 29/29 MP: 1/1
   454 | D:2      | Reached skill level 4 in Unarmed Combat
   454 | D:2      | Reached XP level 3. HP: 36/36 MP: 2/2
   492 | D:2      | Noticed Robin
   525 | D:2      | Found a shadowy altar of Dithmenos.
   529 | D:2      | Killed Robin
   584 | D:2      | Found a faded altar of an unknown god.
   638 | D:2      | Reached XP level 4. HP: 44/44 MP: 3/3
   669 | D:2      | Reached skill level 5 in Unarmed Combat
  1068 | D:3      | HP: 2/44 [orc priest/divine providence (12)]
  1079 | D:2      | Killed from afar by an orc priest

Illustrated notes

Levels and vault maps discovered:
D:1:      tarquinn_simple_flora_water_b, layout_basic, amethyst_killhole
D:2:      layout_rooms, shapermc_ecumenical_altar_hornbeckon, basic_altar,
          minmay_pentomino_pile, uniq_robin
D:3:      layout_basic, mainiacjoe_overflow_small_starburst, okawaru_gym_becter,
          grunt_ministairs_15

Skill      XL: |  1  2  3  4 |
---------------+-------------+-----
Unarmed Combat | 4 5 |  5.3
Fighting       | |  2.4
Dodging        | |  2.4
Stealth        | |  1.0

Action                   |  1- 3 |  4- 6 || total
-------------------------+-------+-------++-------
Melee: Unarmed           |    83 |    72 ||   155
       Punch             |     2 |     1 ||     3
 Stab: Distracted        |     1 |       ||     1
Armor: Robe              |    24 |    30 ||    54
Dodge: Dodged            |    33 |    40 ||    73

Table legend: (Time is in decaauts)
 A = Elapsed time spent in this place.
 B = Non-inter-level travel time spent in this place.
 C = Inter-level travel time spent in this place.
 D = Time resting spent in this place.
 E = Time spent auto-exploring this place.
 F = Levels seen in this place.
 G = Mean time per level.
                   A        B        C        D        E       F      G
               +--------+--------+--------+--------+--------+-----+--------+
         Total |   1071 |   1042 |     29 |      0 |    776 |   3 |  357.0 |
       Dungeon |   1071 |   1042 |     29 |      0 |    776 |   3 |  357.0 |
               +--------+--------+--------+--------+--------+-----+--------+

Top non-repeatable levels by time:
     D:2: 574 daAuts
     D:1: 443 daAuts
     D:3: 53 daAuts
